 Dungeon Crawl Stone Soup version 0.21-a0-404-g291f19a (webtiles) character file.

169 Atlas the Ruffian (level 5, 0/40 HPs)
             Began as a Draconian Transmuter on Oct 26, 2017.
             Slain by an orc
             ... wielding a +0 mace
              (6 damage)
             ... on level 3 of the Dungeon.
             The game lasted 00:02:47 (2196 turns).

Atlas the Ruffian (Draconian Transmuter)            Turns: 2196, Time: 00:02:48

Health: 0/40       AC:  6    Str: 13    XL:     5   Next: 25%
Magic:  8/8        EV: 13    Int: 13    God:
Gold:   159        SH:  0    Dex: 12    Spells: 2/8 levels left

rFire    . . .     SeeInvis .     - Unarmed
rCold    . . .     Gourm    .   (no shield)
rNeg     + . .     Faith    .   (armour unavailable)
rPois    .         Spirit   .   (helmet restricted)
rElec    .         Reflect  .   (no cloak)
rCorr    .         Harm     .   (no gloves)
MR       .....                  f - +0 pair of boots
Stlth    +.........             p - amulet of magic regeneration
HPRegen  0.13/turn              j - ring of positive energy
MPRegen  0.36/turn              (no ring)

@: no status effects
A: unfitting armour, cold-blooded, AC +5
a: no special abilities


You were on level 3 of the Dungeon.
You were hungry.

You visited 1 branch of the dungeon, and saw 3 of its levels.

You collected 159 gold pieces.

Inventory:

Missiles
 a - 30 arrows
Armour
 f - a +0 pair of boots (worn)
Jewellery
 j - a ring of positive energy (left hand)
 p - an amulet of magic regeneration (around neck)
Scrolls
 e - 2 scrolls of fear {unknown}
 g - 3 scrolls of fog {unknown}
 h - 3 scrolls of remove curse {unknown}
 i - a scroll of immolation {unknown}
 l - 2 scrolls of teleportation {unknown}
 n - 3 scrolls of identify {unknown}
 r - a scroll of recharging {unknown}
Potions
 d - a potion of ambrosia {unknown}
 k - a potion of cancellation {unknown}
 q - a potion of curing {unknown}
Books
 b - a book of Changes

   Spells                             Type                      Level
   a - Beastly Appendage              Transmutation                1
   b - Sticks to Snakes               Transmutation                2
   c - Spider Form                    Transmutation/Poison         3
   d - Ice Form                       Ice/Transmutation            4
   e - Blade Hands                    Transmutation                5
Comestibles
 c - 2 bread rations
 m - a chunk of flesh
 o - a meat ration


   Skills:
 + Level 1.5 Fighting
 + Level 3.1 Dodging
 + Level 4.9 Unarmed Combat
 - Level 2.1 Spellcasting
 + Level 2.2 Transmutations


You had 2 spell levels left.
You knew the following spells:

 Your Spells              Type           Power        Failure   Level  Hunger
a - Beastly Appendage     Tmut           #.....       10%         1    ##.....
b - Sticks to Snakes      Tmut           #.......     16%         2    ###....
c - Spider Form           Tmut/Pois      #.........   43%         3    ####...


Dungeon Overview and Level Annotations

Branches:
Dungeon (3/15)

Altars:


Innate Abilities, Weirdness & Mutations

Your plain brown scales are hard. (AC +5)
You cannot fit into any form of body armour.
You are cold-blooded and may be slowed by cold attacks.


Message History

You kill the orc priest!
The orc completely misses you.
You hit the orc.
The orc is poisoned.
The orc is almost dead.
You kill the orc!
You hit the rat.
The rat is poisoned.
The rat is severely wounded.
You kill the rat!
An orc comes into view. It is wielding a mace.
You see here a rat corpse.
The orc misses you.
Your transformation has ended.
Your +0 pair of boots unmelds from your body.
You closely miss the orc. The orc hits you but does no damage.
You barely miss the orc. The orc hits you with a mace.
* * * LOW HITPOINT WARNING * * *
You hit the orc.
The orc is almost dead.
The orc hits you with a mace.
You die...

#.÷...#..or...
#.....#........
.#######.....#........
.............#.......
#............#.......
#............#....#
#....[.....)##....###.
#..........#†o........
#..........#..@...$...
#..........#..........
...........#..........
..........#..<.......
.#########..........
###########


You could see an orc.

Vanquished Creatures
  2 orc priests
  An orc wizard (D:3)
  2 adders
  An ooze (D:3)
  3 worms (D:2)
  2 leopard geckos (D:1)
  3 orcs
  A ball python (D:1)
  5 bats
  3 giant cockroaches (D:1)
  4 goblins
  5 hobgoblins
  4 jackals
  3 kobolds
  14 rats
53 creatures vanquished.

Notes
Turn   | Place    | Note
-------+----------+-------------------------------------------
     0 | D:1      | Atlas the Draconian Transmuter began the quest for the Orb.
     0 | D:1      | Reached XP level 1. HP: 16/16 MP: 3/3
   153 | D:1      | Reached XP level 2. HP: 22/23 MP: 5/5
   974 | D:2      | Reached XP level 3. HP: 27/28 MP: 6/6
  1110 | D:2      | Reached skill level 4 in Unarmed Combat
  1685 | D:3      | Reached XP level 4. HP: 32/35 MP: 7/7
  2097 | D:2      | Learned a level 2 spell: Sticks to Snakes
  2101 | D:2      | Learned a level 3 spell: Spider Form
  2161 | D:3      | Reached XP level 5. HP: 40/40 MP: 8/8
  2196 | D:3      | Slain by an orc

Vault maps used:
D:1:      minmay_arrival_plants_in_alcoves, minivault_27,
          minmay_misc_feat_four_crosses, minmay_tromino_i2
D:2:      first_bread, hangedman_decor_opposing

Skill      XL: |  1  2  3  4 |
---------------+-------------+-----
Dodging        | 2 3 |  3.1
Unarmed Combat | 4 |  4.9
Fighting       | |  1.5
Spellcasting   | |  2.1
Transmutations | |  2.2

Action                   |  1- 3 |  4- 6 || total
-------------------------+-------+-------++-------
Melee: Unarmed           |   173 |    47 ||   220
       Tailslap          |    24 |     7 ||    31
       Punch             |     3 |       ||     3
       Headbutt          |     1 |     1 ||     2
 Cast: Beastly Appendage |     4 |     2 ||     6
       Spider Form       |       |     1 ||     1
 Stab: Sleeping          |     1 |       ||     1
  Eat: Chunk             |     3 |     1 ||     4
Armor: Skin              |    58 |    11 ||    69
Dodge: Dodged            |   141 |    21 ||   162

Table legend:
 A = Spawn XP
 B = Non-spawn XP
 C = Spawn XP percentage of total XP
 D = Spawn monster count
 E = Non-spawn monster count
 F = Spawn count percentage of total count
 G = Total turns spent on level
                    A         B        C        D         E        F      G
               +---------+---------+-------+---------+---------+-------+---------
         Total |       0 |     242 |   0.0 |       0 |      53 |   0.0 |  2196
               +---------+---------+-------+---------+---------+-------+---------
           D:1 |       0 |      37 |   0.0 |       0 |      21 |   0.0 |   871
           D:2 |       0 |     100 |   0.0 |       0 |      23 |   0.0 |  1171
           D:3 |       0 |     105 |   0.0 |       0 |       9 |   0.0 |   154
               +---------+---------+-------+---------+---------+-------+---------
